 Dungeon Crawl Stone Soup version 0.32-a0-975-g85d4e5bfdb (webtiles) character file.

Game seed: 6138681001300035552

16692 Juicyj the Fighter (level 12, -7/111 HPs)
             Began as a Minotaur Fighter on Apr 16, 2024.
             Was a Priest of Beogh.
             Mangled by a skeletal warrior
             ... wielding a +1 war axe of freezing
              (15 damage)
             ... on level 11 of the Dungeon on Apr 19, 2024.
             The game lasted 00:26:04 (11932 turns).

Juicyj the Fighter (Minotaur Fighter)              Turns: 11932, Time: 00:26:05

Health: -7/111     AC: 19    Str: 27    XL:     12   Next: 12%
Magic:  11/11      EV: 13    Int: 10    God:    Beogh [***...]
Gold:   516        SH: 12    Dex: 14    Spells: 11/11 levels left

rFire   . . .        a - +3 war axe (heavy)
rCold   . . .        c - +0 buckler
rNeg    . . .        l - +4 ring mail of Cineam {Rampage rPois Will+ Int+3}
rPois   +            z - +2 hat
rElec   .            i - +2 cloak {Will+}
rCorr   .            H - +1 pair of gloves of Etta {*Slow Str+2 Int+3}
SInv    .            (no boots)
Will    ++++.        G - amulet of reflection
Stlth   +            (no ring)
HPRegen 0.38/turn    (no ring)
MPRegen 0.12/turn

%: slow self (1%), reflection, clarity, rampage
@: no status effects
A: horns 2, retaliatory headbutt, agile 1, clarity, strong-willed 2
a: Renounce Religion, Smiting, Recall Apostles, Dismiss Boruk, wizard


You were on level 11 of the Dungeon.
You worshipped Beogh.
Beogh was most pleased with you.
You visited 1 branch of the dungeon, and saw 11 of its levels.
You also visited: Sewer and Gauntlet.

You collected 672 gold pieces.
You spent 156 gold pieces at shops.

Inventory:

Hand Weapons
 a - a +3 heavy war axe (weapon)
Missiles
 o - a throwing net
 I - 3 silver javelins (quivered)
Armour
 c - a +0 buckler (worn)
 i - a +2 cloak of willpower (worn)
 l - the +4 ring mail of Cineam (worn) {Rampage rPois Will+ Int+3}
   (You found it on level 2 of the Dungeon)

   Int+3:     It affects your intelligence (+3).
   rPois:     It protects you from poison.
   Will+:     It increases your willpower.
   Rampage:   It bestows one free step when moving towards enemies.
 z - a +2 hat (worn)
 H - the +1 pair of gloves of Etta (worn) {*Slow Str+2 Int+3}
   (You found it in a Gauntlet)

   Str+2:     It affects your strength (+2).
   Int+3:     It affects your intelligence (+3).
   *Slow:     It may slow you when you take damage.
Magical Staves
 L - the staff "Zykhlaoc" {rPois Summ Alchemy}
   (You found it in a Gauntlet)

   [staff of alchemy]

   Base accuracy: +5 Base damage: 5 Base attack delay: 1.2 This weapon's minimum
   attack delay (0.6) is reached at skill level 12.
   rPois:     It protects you from poison.
   Summ:      It increases the power of your Summonings spells.
   Alchemy:   It increases the power of your Alchemy spells.
   It falls into the 'Staves' category.
   It is a one-handed weapon.
Jewellery
 G - an amulet of reflection (around neck)
Wands
 e - a wand of mindburst (6)
 n - a wand of flame (38)
 s - a wand of roots (3)
 t - a wand of paralysis (5)
 x - a wand of acid (4)
Scrolls
 b - 2 scrolls of noise
 f - 3 scrolls of teleportation
 h - 3 scrolls of fog
 k - a scroll of fear
 q - a scroll of amnesia
 u - a scroll of enchant armour {unknown}
 y - 4 scrolls of vulnerability
 A - a scroll of identify
 B - a scroll of poison
 J - a scroll of revelation
 K - a scroll of immolation
Potions
 d - 6 potions of might
 g - 2 potions of brilliance
 j - 6 potions of mutation
 m - a potion of attraction
 p - a potion of cancellation
 r - 2 potions of curing
 v - a potion of magic
 w - a potion of resistance
 D - a potion of heal wounds
 E - a potion of ambrosia


   Skills:
 + Level 11.7 Fighting
 + Level 11.3 Axes
 * Level 2.1 Throwing
 + Level 11.6 Armour
 * Level 8.0 Dodging
 + Level 11.6 Shields


You had 11 spell levels left.
You didn't know any spells.
Your spell library contained the following spells:

 Spells                   Type           Power      Damage    Failure   Level
 Sting                    Conj/Alch      0%         1d3       50%         1
 Blink                    Tloc           0%         N/A       65%         2
 Call Imp                 Summ           0%         N/A       65%         2
 Ensorcelled Hibernation  Hex/Ice        0%         N/A       65%         2
 Lesser Beckoning         Tloc           0%         N/A       65%         2
 Mercury Vapours          Alch/Air       0%         N/A       65%         2
 Momentum Strike          Conj/Tloc      0%         3d8       65%         2
 Sublimation of Blood     Necr           0%         N/A       65%         2
 Call Canine Familiar     Summ           0%         N/A       86%         3
 Fugue of the Fallen      Necr           0%         N/A       86%         3
 Sigil of Binding         Hex            0%         N/A       86%         3
 Tukima's Dance           Hex            0%         N/A       86%         3
 Anguish                  Hex/Necr       0%         N/A       99%         4
 Dimensional Bullseye     Hex/Tloc       0%         N/A       99%         4
 Olgreb's Toxic Radiance  Alch           0%         N/A       99%         4
 Passage of Golubria      Tloc           0%         N/A       99%         4
 Yara's Violent Unravell  Hex/Alch       0%         3d3       100%        5
 Ozocubu's Refrigeration  Ice            0%         4d7       100%        7
 Summon Hydra             Summ           0%         N/A       100%        7
 Discord                  Hex            0%         N/A       100%        8


Dungeon Overview and Level Annotations

Branches:
Dungeon (11/15)            Temple (0/1) D:4            Lair (0/5) D:8
    Orc (0/2) D:11          Sewer (visited)         Gauntlet (visited)

Altars:
Ashenzari
Uskayaw
Yredelemnul
Zin

Shops:
D:4 :   D:7 (*(


Innate Abilities, Weirdness & Mutations

Your facial features look somewhat orcish.
You have a pair of horns on your head.
You reflexively headbutt those who attack you in melee.
You are agile. (Dex +4, Str/Int -1)
You possess an exceptional clarity of mind.
You are highly strong-willed. (Will++)


Message History

You rampage towards the skeletal warrior!
You closely miss the skeletal warrior.
The skeletal warrior is moderately damaged.
You block the skeletal warrior's attack.
You barely miss the skeletal warrior.
The skeletal warrior is moderately damaged.
You block the skeletal warrior's attack.
The skeletal warrior hits you but does no damage.
You slash the skeletal warrior!
You headbutt the skeletal warrior, but do no damage.
The skeletal warrior is heavily damaged.
The skeletal warrior misses you.
You slash the skeletal warrior!
The skeletal warrior is severely damaged.
You block the skeletal warrior's attack. x2
You closely miss the skeletal warrior.
The skeletal warrior is severely damaged.
The skeletal warrior hits you with a +1 war axe of freezing!
* * * LOW HITPOINT WARNING * * *
The skeletal warrior freezes you.
* * * LOW HITPOINT WARNING * * *
You hit the skeletal warrior but do no damage.
You headbutt the skeletal warrior, but do no damage.
The skeletal warrior is severely damaged.
The skeletal warrior hits you with a +1 war axe of freezing!
* * * LOW HITPOINT WARNING * * *
The skeletal warrior freezes you.
* * * LOW HITPOINT WARNING * * *
You completely miss the skeletal warrior.
You headbutt the skeletal warrior!
The skeletal warrior is almost destroyed.
The skeletal warrior hits you with a +1 war axe of freezing.
* * * LOW HITPOINT WARNING * * *
The skeletal warrior freezes you.
* * * LOW HITPOINT WARNING * * *
The skeletal warrior hits you but does no damage.
You hit the skeletal warrior but do no damage.
The skeletal warrior is almost destroyed.
The skeletal warrior hits you with a +1 war axe of freezing!
You die...

#.......# #......# ##.. #..######
##'##### #..# ...#** #.## #.##
##..,* #..##### #.# ****+****
##...o.# ##.## **,,,,,,*
#######'## #.... **,,,,,,*
#........#***#.... **,,,,,,*
#####........+.,*#....
,+,,,,,,***#(.)z@.......##.##....
,*,,,,,,'....###........##.......
,*,,,,,,###*** #........#####....
,*****+** #........# #.... ** *,*
##'####### #.... * **,* #.#**
###.# *,,* #..,* #.# #####+###
#####+##### #.. #.......#
#.........# ##.


You could see a skeletal warrior (target of vengeance).

Vanquished Creatures
  A minotaur (Gauntlet)
  Fannar (D:10)
  A ghost crab (Gauntlet)
  A soul eater (Gauntlet)
  A sixfirhy (Gauntlet)
  3 skeletal warriors (D:11)
  A deep troll (D:10)
  A cyclops (D:11)
  An ugly thing (D:10)
  Maurice (D:9)
  2 orange demons (D:10)
  A gargoyle (D:10)
  A rime drake (D:8)
  A komodo dragon (D:10)
  2 ice devils (D:10)
  4 trolls (D:10)
  4 red devils (D:10)
  A polar bear (D:8)
  A hornet (D:8)
  2 wraiths
  8 yaks (D:10)
  A steam dragon (D:6)
  Menkaure (D:5)
  A black bear (D:5)
  4 orc warriors
  3 sky beasts
  5 ice beasts
  2 phantoms
  2 centaurs
  5 kobold brigands
  4 bullfrogs
  A scorpion (D:6)
  13 wights
  13 killer bees
  4 lava snakes (D:8)
  2 howler monkeys
  A bombardier beetle (D:7)
  Crazy Yiuf (D:2)
  3 jellies
  A gnoll bouda (D:4)
  8 orc priests
  6 hounds
  2 sleepcaps
  Ijyb (D:3)
  5 orc wizards
  An iguana (D:4)
  4 gnolls (D:4)
  14 adders
  6 river rats
  2 shadow imps (Gauntlet)
  3 ufetubi (Gauntlet)
  A dart slug (D:1)
  4 ribbon worms (D:3)
  22 orcs
  7 ball pythons
  6 bats
  6 endoplasms
  A giant cockroach (D:1)
  5 goblins
  4 hobgoblins
  8 jackals
  27 kobolds
  3 quokkas
  5 frilled lizards
  19 rats
276 creatures vanquished.

Vanquished Creatures (others)
  An orc apostle (D:11)
1 creature vanquished.

Grand Total: 277 creatures vanquished

Notes
Turn   | Place    | Note
-------+----------+-------------------------------------------
     0 | D:1      | Juicyj the Minotaur Fighter began the quest for the Orb.
     0 | D:1      | Reached XP level 1. HP: 19/19 MP: 0/0
   166 | D:1      | Reached XP level 2. HP: 24/27 MP: 1/1
   818 | D:2      | Found a faded altar of an unknown god.
   828 | D:2      | Found a hide-covered altar of Uskayaw.
   907 | D:2      | Identified the +4 ring mail of Cineam {Rampage rPois Will+
                  | Int+3}
  1037 | D:2      | Found a runed translucent door.
  1038 | D:2      | Noticed Crazy Yiuf
  1103 | D:2      | Reached XP level 3. HP: 33/33 MP: 2/2
  1368 | D:2      | Killed Crazy Yiuf
  1369 | D:2      | Reached XP level 4. HP: 15/40 MP: 3/3
  1642 | D:3      | Noticed Ijyb
  1649 | D:3      | Killed Ijyb
  1706 | D:3      | Reached XP level 5. HP: 31/47 MP: 4/4
  2129 | D:3      | Found a glowing drain.
  2140 | Sewer    | Entered a sewer
  2245 | Sewer    | Reached skill level 5 in Fighting
  2245 | Sewer    | Reached skill level 5 in Armour
  2245 | Sewer    | Reached skill level 5 in Shields
  2245 | Sewer    | Reached XP level 6. HP: 36/56 MP: 5/5
  2747 | D:3      | Reached skill level 5 in Axes
  2824 | D:4      | Found Aneizin's Tiny Tomes.
  2905 | D:4      | Reached XP level 7. HP: 62/62 MP: 6/6
  3099 | D:4      | Found a staircase to the Ecumenical Temple.
  3125 | D:4      | Identified the +0 robe of the Gastropod {Dex+3}
  3519 | D:5      | Entered Level 5 of the Dungeon
  3767 | D:5      | Reached XP level 8. HP: 71/71 MP: 7/7
  3796 | D:5      | Noticed Menkaure
  3801 | D:5      | Killed Menkaure
  3966 | D:5      | Found a broken altar of Ashenzari.
  3970 | D:5      | Saw a vision of the Shoals and the Spider Nest.
  3970 | D:5      | Noticed a demonic crawler
  3970 | D:5      | Noticed an entropy weaver
  3970 | D:5      | Noticed a tarantella
  3970 | D:5      | Noticed a broodmother
  3970 | D:5      | Noticed a boulder beetle
  3970 | D:5      | Noticed a merfolk siren
  3970 | D:5      | Noticed a merfolk
  3970 | D:5      | Noticed a water nymph
  3970 | D:5      | Noticed a water nymph
  3970 | D:5      | Noticed a sea snake
  3970 | D:5      | Noticed a cyclops
  3970 | D:5      | Noticed a sea snake
  3970 | D:5      | Noticed a sea snake
  3970 | D:5      | Noticed a water nymph
  3970 | D:5      | Noticed a water nymph
  3970 | D:5      | Noticed a harpy
  3970 | D:5      | Noticed a culicivora
  3970 | D:5      | Noticed a tarantella
  3970 | D:5      | Noticed a skyshark
  3970 | D:5      | Noticed a jumping spider
  3971 | D:5      | Noticed a manticore
  3972 | D:5      | Noticed a pharaoh ant
  3972 | D:5      | Noticed a wind drake
  4154 | D:6      | Gained mutation: You possess an exceptional clarity of
                  | mind. [potion of mutation]
  4154 | D:6      | Gained mutation: You are strong-willed. (Will+) [potion of
                  | mutation]
  4154 | D:6      | Gained mutation: You are highly strong-willed. (Will++)
                  | [potion of mutation]
  4154 | D:6      | Gained mutation: You are agile. (Dex +4, Str/Int -1)
                  | [potion of mutation]
  4963 | D:6      | Reached XP level 9. HP: 81/81 MP: 8/8
  5353 | D:6      | Identified the +1 plate armour of the Slorg {Int+3}
  5703 | D:7      | Became a worshipper of Beogh the Shepherd
  6100 | D:7      | Found Memnaf's Weapon Shoppe.
  6259 | D:7      | Found Jasmyc's Antique Weapon Shop.
  6346 | D:7      | Found Zustrar's Assorted Antiques.
  6350 | D:7      | Bought a potion of heal wounds for 130 gold pieces
  6350 | D:7      | Bought a scroll labelled HARGHU YGEAPHA for 26 gold pieces
  6693 | D:8      | Noticed a polar bear
  6703 | D:8      | Killed a polar bear
  6703 | D:8      | Reached * piety under Beogh
  6817 | D:8      | Noticed a rime drake
  6823 | D:8      | Killed a rime drake
  6824 | D:8      | Reached XP level 10. HP: 65/91 MP: 9/9
  6913 | D:8      | Found a glowing silver altar of Zin.
  6913 | D:8      | Found a basalt altar of Yredelemnul.
  7522 | D:8      | Found a staircase to the Lair.
  7866 | D:9      | Reached skill level 10 in Armour
  7869 | D:9      | Reached skill level 10 in Shields
  7875 | D:9      | Reached skill level 10 in Fighting
  8089 | D:9      | Upgraded the game from 0.32-a0-953-g508020473e to
                  | 0.32-a0-975-g85d4e5bfdb
  8226 | D:9      | Reached skill level 1 in Dodging
  8394 | D:10     | Entered Level 10 of the Dungeon
  8395 | D:10     | Noticed Maurice
  8397 | D:10     | Noticed Fannar
  8412 | D:10     | Something stole an amulet of the acrobat
  8414 | D:9      | Something stole 94 gold
  8650 | D:9      | Maurice stole 183 gold
  8655 | D:9      | Killed Maurice
  8705 | D:10     | Killed Fannar
  8705 | D:10     | Reached ** piety under Beogh
  8706 | D:10     | Reached skill level 10 in Axes
  8791 | D:10     | Noticed an orange demon
  8799 | D:10     | Killed an orange demon
  8800 | D:10     | Reached XP level 11. HP: 77/101 MP: 10/10
  8888 | D:10     | Noticed Nergalle
  8898 | D:10     | Pacified Nergalle
  8909 | D:10     | HP: 3/101 [red devil/+0 trident (12)]
  8924 | D:10     | Reached skill level 5 in Dodging
  9260 | D:10     | Noticed a green ugly thing
  9263 | D:10     | Killed a green ugly thing
  9443 | D:10     | Noticed a deep troll
  9453 | D:10     | Killed a deep troll
 10214 | D:11     | Found a gate leading to a gauntlet.
 10223 | Gauntlet | Entered a Gauntlet
 10223 | Gauntlet | Found a transporter.
 10232 | Gauntlet | Found a transporter.
 10247 | Gauntlet | Found a transporter.
 10252 | Gauntlet | Found a transporter.
 10260 | Gauntlet | Noticed a blizzard demon
 10267 | Gauntlet | Found a transporter.
 10286 | Gauntlet | Found a transporter.
 10288 | Gauntlet | Noticed a green death
 10297 | Gauntlet | Noticed a catoblepas
 10298 | Gauntlet | Found a transporter.
 10306 | Gauntlet | Noticed a necromancer
 10307 | Gauntlet | Noticed a death yak
 10308 | Gauntlet | Noticed a death yak
 10308 | Gauntlet | Noticed a death yak
 10309 | Gauntlet | Noticed a death yak
 10310 | Gauntlet | Found a transporter.
 10310 | Gauntlet | Noticed a death yak
 10310 | Gauntlet | Noticed a death yak
 10321 | Gauntlet | Noticed a ghost crab
 10322 | Gauntlet | Found a transporter.
 10328 | Gauntlet | Found a transporter.
 10328 | Gauntlet | Found a transporter.
 10343 | Gauntlet | Found a transporter.
 10360 | Gauntlet | Found a transporter.
 10366 | Gauntlet | Noticed a quicksilver ooze
 10399 | Gauntlet | Found a transporter.
 10405 | Gauntlet | Noticed a sixfirhy
 10422 | Gauntlet | Noticed a soul eater
 10424 | Gauntlet | Found a transporter.
 10426 | Gauntlet | Found a transporter.
 10446 | Gauntlet | Found a transporter.
 10524 | Gauntlet | Found a transporter.
 10670 | Gauntlet | Killed a soul eater
 10941 | Gauntlet | Killed a sixfirhy
 10983 | Gauntlet | Killed a ghost crab
 10990 | Gauntlet | Identified the +1 pair of gloves of Etta {*Slow Str+2
                  | Int+3}
 11181 | Gauntlet | Noticed a minotaur
 11199 | Gauntlet | Killed a minotaur
 11408 | Gauntlet | Identified the staff "Zykhlaoc" {rPois Summ Alchemy}
 11447 | D:11     | Noticed a skeletal warrior
 11447 | D:11     | Noticed a skeletal warrior
 11451 | D:11     | Noticed a skeletal warrior
 11477 | D:11     | Found a staircase to the Orcish Mines.
 11763 | D:11     | Reached *** piety under Beogh
 11804 | D:11     | Found a broken altar of Ashenzari.
 11826 | D:11     | Noticed Boruk
 11833 | D:11     | Anointed Boruk the wizard as your apostle
 11899 | D:11     | Noticed a skeletal warrior
 11904 | D:11     | Killed a skeletal warrior
 11905 | D:11     | Reached skill level 1 in Throwing
 11905 | D:11     | Reached XP level 12. HP: 55/111 MP: 11/11
 11917 | D:11     | HP: 5/111 [skeletal warrior/+0 broad axe (11)]
 11922 | D:11     | Your ally Boruk died
 11932 | D:11     | Mangled by a skeletal warrior

Illustrated notes

Levels and vault maps discovered:
D:1:      dpeg_arrival_chambers_temple_mockup, layout_basic
D:2:      layout_rooms, basic_altar, shapermc_ecumenical_altar_pompeii,
          uniq_crazy_yiuf_cottage
D:3:      layout_basic, lightli_sewer_entry_pipes, uniq_ijyb
D:4:      layout_loops_ring, minmay_temple_entry_proselytizer,
          nicolae_shop_i_like_small_books_too
D:5:      layout_rooms, grunt_ashenzari_visionary
          [grunt_ashenzari_visionary_shoals, grunt_ashenzari_visionary_spider],
          kennysheep_flooded_box, uniq_menkaure
D:6:      layout_basic
D:7:      layout_loops_ring, serial_shops, shop, nicolae_shop_behind_doors,
          nicolae_shop_peninsula
D:8:      layout_basic, gammafunk_temple_overflow_pools,
          hellmonk_lair_entry_icy, kennysheep_diamond, nicolae_wwwww
D:9:      layout_roguey
D:10:     lemuel_troll_bridge, layout_gridville, serial_demonic,
          serial_demonic_g, serial_demonic_c, serial_demonic_d,
          serial_demonic_d, serial_demonic_a, serial_demonic_d,
          serial_demonic_g, uniq_maurice, uniq_fannar, uniq_nergalle
D:11:     layout_roguey, orc_0_dummy, gauntlet_entry_generic,
          nicolae_ashenzari_panopticon

Skill      XL: |  1  2  3  4  5  6  7  8  9 10 11 12 |
---------------+-------------------------------------+-----
Shields        | 4 5 6 7 9 10 11 | 11.6
Fighting       | 4 5 6 7 9 10 11 | 11.7
Armour         | 4 5 6 8 9 10 11 | 11.6
Axes           | 3 4 5 6 7 9 10 11 | 11.3
Dodging        | 4 7 8 |  8.0
Throwing       | 1 2 |  2.1

Action                     |  1- 3 |  4- 6 |  7- 9 | 10-12 || total
---------------------------+-------+-------+-------+-------++-------
  Melee: War axe           |    70 |   177 |   271 |   252 ||   770
         Headbutt          |     5 |    17 |    46 |    62 ||   130
  Throw: Throwing net      |       |       |     1 |       ||     1
         Javelin           |       |       |       |     1 ||     1
 Invoke: Convert to Beogh  |       |       |     1 |       ||     1
         Recruit Apostle   |       |       |       |     1 ||     1
Ability: Begin Untransform |       |       |       |     1 ||     1
  Evoke: Wand              |       |       |       |    17 ||    17
    Use: Scroll            |       |       |    15 |     9 ||    24
         Potion            |       |       |     7 |     4 ||    11
 Armour: Scale mail        |    35 |       |       |       ||    35
         Ring mail         |    13 |   123 |   232 |   304 ||   672
  Dodge: Dodged            |    31 |    89 |    98 |   155 ||   373
  Block: Buckler           |    13 |    43 |    96 |   123 ||   275
         Reflection        |       |       |       |     3 ||     3
   Form: Dragon            |       |       |       |     1 ||     1

Table legend: (Time is in decaauts)
 A = Elapsed time spent in this place.
 B = Non-inter-level travel time spent in this place.
 C = Inter-level travel time spent in this place.
 D = Time resting spent in this place.
 E = Time spent auto-exploring this place.
 F = Levels seen in this place.
 G = Mean time per level.
                   A        B        C        D        E       F      G
               +--------+--------+--------+--------+--------+-----+--------+
         Total |  12266 |  11911 |    355 |   1714 |   7898 |  13 |  943.5 |
       Dungeon |  10520 |  10165 |    355 |   1479 |   6848 |  11 |  956.4 |
         Sewer |    533 |    533 |      0 |      3 |    355 |   1 |  533.0 |
      Gauntlet |   1212 |   1212 |      0 |    232 |    694 |   1 | 1212.0 |
               +--------+--------+--------+--------+--------+-----+--------+

Top non-repeatable levels by time:
     D:8: 1583 daAuts
    D:10: 1539 daAuts
     D:6: 1300 daAuts
Gauntlet: 1212 daAuts
     D:7: 1175 daAuts
     D:3: 890 daAuts
     D:2: 783 daAuts
     D:1: 741 daAuts
     D:4: 709 daAuts
    D:11: 604 daAuts
     D:5: 603 daAuts
     D:9: 588 daAuts
   Sewer: 533 daAuts
